 Dungeon Crawl Stone Soup version 0.25-a0-294-gea9b1ad378 (webtiles) character file.

Game seed: 736606990012259710, levelgen mode: deterministic

2245 Error4North the Shield-Bearer (level 9, -10/74 HPs)
             Began as a Hill Orc Fighter on Dec 19, 2019.
             Was a Follower of Okawaru.
             Killed by divine providence
             ... invoked by an orc priest
              (11 damage)
             ... on level 6 of the Dungeon.
             The game lasted 00:25:18 (5670 turns).

Error4North the Shield-Bearer (Hill Orc Fighter)    Turns: 5670, Time: 00:25:25

Health: -10/74     AC: 15    Str: 20 (22) XL:     9   Next: 37%
Magic:  14/14      EV:  5    Int:  8 (10) God:    Okawaru [*.....]
Gold:   287        SH: 10    Dex:  7 (12) Spells: 15/15 levels left

rFire    . . .     SeeInvis .   y - +5 flail (crush)
rCold    . . .     Gourm    .   c - +0 shield
rNeg     . . .     Faith    .   B - +0 plate armour
rPois    .         Spirit   .   (helmet restricted)
rElec    .         Reflect  .   t - +0 cloak
rCorr    .         Harm     .   A - +0 pair of gloves
MR       .....                  (no boots)
Stlth    ..........             (no amulet)
HPRegen  0.22/turn              (no ring)
MPRegen  0.14/turn              (no ring)

@: no status effects
A: horns 1, agile 1, deterioration 1, strong 1
a: Heroism, Renounce Religion, Convert to Beogh


You were on level 6 of the Dungeon.
You worshipped Okawaru.
Okawaru was aware of your devotion.
You were not hungry.

You visited 2 branches of the dungeon, and saw 7 of its levels.

You collected 287 gold pieces.

Inventory:

Hand Weapons
 y - a +5 flail of crushing (weapon)
Missiles
 i - 211 stones
 p - a boomerang (quivered)
Armour
 c - a +0 shield (worn)
 t - a +0 cloak (worn)
 A - a +0 pair of gloves (worn)
 B - a +0 plate armour (worn)
Jewellery
 b - an uncursed ring of resist corrosion {unknown}
 m - a cursed ring of teleportation {unknown}
 D - a cursed -5 ring of protection {unknown}
 F - an uncursed ring of flight {unknown}
Wands
 s - a wand of random effects (17)
Scrolls
 d - a scroll of fog {unknown}
 g - 5 scrolls of identify {unknown}
 h - a scroll of magic mapping {unknown}
 j - 2 scrolls of amnesia {unknown}
 k - 2 scrolls of enchant weapon {unknown}
 l - 2 scrolls of fear {unknown}
 n - 2 scrolls of enchant armour {unknown}
 q - 2 scrolls of remove curse {unknown}
 v - 2 scrolls of random uselessness {unknown}
 x - a scroll of teleportation {unknown}
Potions
 o - 4 potions of flight {unknown}
 r - 4 potions of brilliance {unknown}
 u - a potion of resistance {unknown}
 w - a potion of curing {unknown}
 z - 2 potions of haste {unknown}
 C - a potion of lignification
Comestibles
 f - 10 rations


   Skills:
 + Level 5.4 Fighting
   Level 7.5(8.0) Axes
 + Level 3.0(5.0) Maces & Flails
 + Level 1.2 Throwing
 + Level 5.6 Armour
 + Level 1.2 Dodging
 + Level 0.3 Stealth
 * Level 7.8 Shields
 * Level 3.7 Spellcasting
 * Level 1.5 Invocations
 * Level 1.2 Evocations


You had 15 spell levels left.
You didn't know any spells.
Your spell library was empty.

Dungeon Overview and Level Annotations

Branches:
Dungeon (6/15)             Temple (1/1) D:6

Altars:
Ashenzari
Cheibriados
Dithmenos
Elyvilon
Fedhas
Gozag
Hepliaklqana
Kikubaaqudgha
Makhleb
Nemelex Xobeh
Okawaru
Qazlal
Ru
Sif Muna
Trog
Uskayaw
Vehumet
Wu Jian
Xom
Yredelemnul
Zin
The Shining One

Annotations:
D:3 3 runed translucent doors, Borgoz's ghost, amateur GrFi
D:5 1 runed translucent door, Killmatronix's ghost, novice VSAs


Innate Abilities, Weirdness & Mutations

You have a pair of small horns on your head.
You are agile. (Dex +2)
Your body sometimes deteriorates upon taking damage.
Your muscles are strong. (Str +2)


Message History

* * * LOW HITPOINT WARNING * * *
You closely miss the orc warrior.
The orc warrior is lightly wounded.
The orc warrior hits you with a +0 halberd.
* * * LOW HITPOINT WARNING * * *
You block the orc priest's attack.
The orc warrior hits you with a +0 halberd.
* * * LOW HITPOINT WARNING * * *
It was a potion of degeneration.
There was something very wrong with that liquid.
You feel weakened.
You feel dopey.
You feel clumsy.
The orc priest shouts, "Beogh is our master!
Accept the truth or die!"
You block the orc priest's attack.
You closely miss the orc warrior.
The orc warrior is lightly wounded.
The orc warrior hits you with a +0 halberd!
* * * LOW HITPOINT WARNING * * *
The orc priest invokes the aid of Beogh against you.
Beogh smites you!
You die...

# ############...
#.....#)....#
########
#.....'@o...+
.#.....#
#.....#(....#
.#.....#
#.....#.o...#
.......#
#.....#..$..#
#......#
#(....#.....#
.......#
#.....#######
.......# ###'###
...##### #)######
...#########.#....#


You could see an orc warrior and an orc priest.

Vanquished Creatures
  Pikel (D:6)
  Grinder (D:3)
  Eustachio (D:6)
  Edmund (D:4)
  An ice beast (D:6)
  5 ogres
  A centaur (D:6)
  A scorpion (D:6)
  4 wights (D:6)
  A howler monkey (D:4)
  2 crimson imps (D:5)
  An orc priest (D:6)
  Crazy Yiuf (D:4)
  A hound (D:4)
  6 orc wizards
  A worker ant (D:6)
  A hound skeleton (D:4)
  4 adders
  3 oozes (D:2)
  2 adder zombies
  4 worms
  2 dart slugs
  6 leopard geckos
  22 orcs
  7 bats
  9 giant cockroaches
  6 goblins
  11 hobgoblins
  7 jackals
  A quokka (D:6)
  5 frilled lizards
  3 kobolds
  5 rats
  2 butterflies (D:6)
129 creatures vanquished.

Vanquished Creatures (others)
  A slave (D:6)
  A wight (D:6)
  A hound (D:6)
  An orc priest (D:6)
  A hound zombie (D:6)
  An orc (D:6)
  A quokka (D:6)
7 creatures vanquished.

Grand Total: 136 creatures vanquished

Notes
Turn   | Place    | Note
-------+----------+-------------------------------------------
     0 | D:1      | Error4North the Hill Orc Fighter began the quest for the
                  | Orb.
     0 | D:1      | Reached XP level 1. HP: 19/19 MP: 1/1
   155 | D:1      | Reached XP level 2. HP: 18/27 MP: 2/2
   436 | D:1      | Reached XP level 3. HP: 12/33 MP: 3/3
  1114 | D:2      | Reached XP level 4. HP: 36/40 MP: 5/5
  1161 | D:2      | Reached skill level 1 in Spellcasting
  1172 | D:2      | Gained mutation: Your muscles are strong. (Str +2) [potion
                  | of mutation]
  1172 | D:2      | Gained mutation: You are agile. (Dex +2) [potion of
                  | mutation]
  1172 | D:2      | Gained mutation: Your body sometimes deteriorates upon
                  | taking damage. [potion of mutation]
  1172 | D:2      | Gained mutation: You have a pair of small horns on your
                  | head. [potion of mutation]
  1184 | D:2      | HP: 3/60 [poisoned by a goblin]
  1191 | D:2      | HP: 3/60 [poisoned by a goblin]
  1199 | D:2      | HP: 2/60 [poisoned by a goblin]
  1963 | D:3      | Noticed an ogre
  1980 | D:4      | Found a snail-covered altar of Cheibriados.
  1980 | D:4      | Found a hazy altar of Hepliaklqana.
  2076 | D:4      | Reached XP level 5. HP: 19/46 MP: 5/7
  2324 | D:4      | Found a shimmering altar of Xom.
  2482 | D:4      | Reached XP level 6. HP: 50/53 MP: 8/8
  2527 | D:4      | Found a runed translucent door.
  2528 | D:4      | Noticed Crazy Yiuf
  2534 | D:4      | Killed Crazy Yiuf
  2632 | D:4      | Reached skill level 5 in Shields
  2655 | D:4      | Reached skill level 5 in Axes
  2690 | D:4      | Noticed Edmund
  2710 | D:3      | Noticed Grinder
  2711 | D:3      | Paralysed by Grinder for 5 turns
  2723 | D:3      | Killed Grinder
  2723 | D:3      | Reached skill level 1 in Dodging
  2723 | D:3      | Reached XP level 7. HP: 22/60 MP: 10/10
  2938 | D:3      | Found a runed translucent gate.
  2938 | D:3      | Found a runed translucent gate.
  2938 | D:3      | Found a runed translucent gate.
  2939 | D:3      | Noticed Borgoz's ghost (amateur GrFi)
  3469 | D:4      | Killed Edmund
  3770 | D:5      | Entered Level 5 of the Dungeon
  3859 | D:5      | Noticed Killmatronix's ghost (novice VSAs)
  3863 | D:5      | Found a runed translucent door.
  3905 | D:5      | Reached XP level 8. HP: 57/67 MP: 11/11
  4001 | D:5      | Found a burning altar of Makhleb.
  4056 | D:5      | Reached skill level 5 in Fighting
  4484 | D:6      | Found a staircase to the Ecumenical Temple.
  4498 | Temple   | Entered the Ecumenical Temple
  4660 | Temple   | Became a worshipper of Warmaster Okawaru
  4928 | D:6      | Noticed Pikel
  4952 | D:6      | Killed Pikel
  4952 | D:6      | Reached * piety under Okawaru
  4952 | D:6      | Reached skill level 1 in Throwing
  4952 | D:6      | Reached skill level 5 in Armour
  5233 | D:6      | Reached XP level 9. HP: 69/74 MP: 12/14
  5245 | D:6      | Reached skill level 1 in Maces & Flails
  5401 | D:6      | Noticed Eustachio
  5424 | D:6      | Reached skill level 1 in Invocations
  5429 | D:6      | Reached skill level 1 in Evocations
  5458 | D:6      | Killed Eustachio
  5670 | D:6      | HP: 1/74 [orc warrior/+0 halberd (11)]
  5670 | D:6      | Killed from afar by an orc priest

Levels and vault maps discovered:
D:1:      saegor_arrival_simple_a, layout_loops_corners, minmay_misc_feat_roman,
          chequers_serial_rivers_micro_e, minmay_cut_off
D:2:      layout_basic
D:3:      layout_basic, gammafunk_ghost_necromancy, first_ration, uniq_grinder
D:4:      layout_loops_ring, lemuel_doored_altar,
          amethyst_overflow_temple_binary, uniq_edmund, uniq_crazy_yiuf_cottage
D:5:      layout_loops_ring, makhleb_grotto_becter,
          hellmonk_ghost_happy_afterlife
D:6:      layout_basic, minmay_temple_entry_butterflies, uniq_eustachio,
          uniq_pikel
Temple:   dpeg_five_rooms_temple

Skill      XL: |  1  2  3  4  5  6  7  8  9 |
---------------+----------------------------+-----
Axes           | 3 4 5 6 7 |  7.5
Fighting       | 4 5 |  5.4
Shields        | 4 5 6 7 |  7.8
Spellcasting   | 1 2 3 |  3.7
Armour         | 4 5 |  5.6
Dodging        | 1 |  1.2
Throwing       | 1 |  1.2
Maces & Flails | 3 |  3.0
Invocations    | 1 |  1.5
Evocations     | 1 |  1.2
Stealth        | |  0.3

Action                   |  1- 3 |  4- 6 |  7- 9 || total
-------------------------+-------+-------+-------++-------
Melee: War axe           |    88 |   138 |   141 ||   367
       Headbutt          |       |    23 |    56 ||    79
       Flail             |       |       |   119 ||   119
Throw: Boomerang         |       |       |    15 ||    15
       Stone             |       |       |     3 ||     3
  Use: Potion            |       |     3 |     2 ||     5
  Eat: Chunk             |     1 |     2 |     6 ||     9
       Ration            |       |     1 |     1 ||     2
Armor: Scale mail        |    63 |    22 |       ||    85
       Chain mail        |       |    22 |    10 ||    32
       Plate armour      |       |       |   142 ||   142
Dodge: Dodged            |    52 |    29 |    50 ||   131
Block: Shield            |    80 |    77 |   146 ||   303

Table legend:
 A = Non-vault XP
 B = Vault XP
 C = Vault XP percentage of total XP
 D = Non-vault monster count
 E = Vault monster count
 F = Vault count percentage of total count
                 A         B        C        D         E       F
            +---------+---------+-------+---------+---------+-------
      Total |    1854 |    1354 |  42.2 |     117 |      10 |   7.9
            +---------+---------+-------+---------+---------+-------
        D:1 |      38 |      10 |  20.8 |      20 |       4 |  16.7
        D:2 |     103 |       0 |   0.0 |      30 |       0 |   0.0
        D:3 |     152 |     254 |  62.6 |      13 |       1 |   7.1
        D:4 |     378 |     198 |  34.4 |      17 |       2 |  10.5
        D:5 |     218 |      50 |  18.7 |       8 |       1 |  11.1
        D:6 |     965 |     842 |  46.6 |      29 |       2 |   6.5
            +---------+---------+-------+---------+---------+-------
